 Dungeon Crawl Stone Soup version 0.27-a0-1448-g9c78c815f3 (webtiles) character file.

Game seed: 15144587033726194184

18 Froggeryz the Cutter (level 2, 0/21 HPs)
             Began as an Octopode Berserker on July 5, 2021.
             Was a Follower of Trog.
             Succumbed to a goblin's poison
             ... on level 1 of the Dungeon.
             The game lasted 00:00:28 (481 turns).

Froggeryz the Cutter (Octopode Berserker)            Turns: 481, Time: 00:00:28

Health: 0/21       AC:  1    Str: 16    XL:     2   Next: 70%
Magic:  2/2        EV: 13    Int:  9    God:    Trog [*.....]
Gold:   20         SH:  0    Dex: 11    Spells: 1/1 levels left

rFire    . . .     SeeInvis .   a - +0 short sword
rCold    . . .     Faith    .   (no shield)
rNeg     . . .     Spirit   .   (helmet restricted)
rPois    .         Reflect  .   (no amulet)
rElec    .         Harm     .   (no ring)
rCorr    .         Rampage  .   (no ring)
Will     .....                  (no ring)
Stlth    +++.......             (no ring)
HPRegen  0.07/turn              (no ring)
MPRegen  0.08/turn              (no ring)
                                (no ring)
                                (no ring)

@: lethally poisoned (0 -> -13), weak-willed
A: almost no armour, amphibious, 8 rings, camouflage 1, gelatinous body 1,
(nimble swimmer 1), tentacles
a: Renounce Religion, Berserk


You were on level 1 of the Dungeon.
You worshipped Trog.
Trog was aware of your devotion.
You visited 1 branch of the dungeon, and saw 1 of its levels.

You collected 20 gold pieces.

Inventory:

Hand Weapons
 a - a +0 short sword (weapon)
Scrolls
 c - a scroll of torment {unknown}


   Skills:
 - Level 3.0 Fighting
 * Level 3.6 Short Blades
 - Level 3.0 Dodging
 + Level 1.7 Stealth


You had one spell level left.
You didn't know any spells.
Your spell library was empty.

Dungeon Overview and Level Annotations

Branches:
Dungeon (1/15)

Altars:


Innate Abilities, Weirdness & Mutations

You cannot wear most types of armour.
You are amphibious.
You can wear up to eight rings at the same time.
Your skin changes colour to match your surroundings (Stealth+).
Your rubbery body absorbs attacks. (AC +1, EV +1)
((You are camouflaged near water. (Stealth+)))
You have tentacles for arms and can constrict up to eight enemies at once.


Message History

You open the door.
There is an open door here.
A rat and a goblin come into view.
The goblin is wielding a +2 dagger of venom.
The goblin shouts!
A rat comes into view.
There are monsters nearby!
There are monsters nearby!
The rat barely misses you.
You hit the rat. Your grab misses the rat.
The rat is heavily wounded.
You closely miss the rat. You grab the rat.
You squeeze the rat, but do no damage.
The rat is heavily wounded.
You constrict the rat.
You kill the rat!
Trog accepts your kill.
A goblin comes into view. It is wielding a +0 club.
You hit the goblin but do no damage. Your grab misses the goblin.
The goblin hits you with a +2 dagger of venom.
You are poisoned.
You closely miss the goblin. You grab the goblin. You constrict the goblin.
You feel sick.
The goblin hits you with a +2 dagger of venom.
You are lethally poisoned!
You hit the goblin. You squeeze the goblin.
You kill the goblin!
Trog accepts your kill.
You feel very sick.
You aren't carrying any potions.
Okay, then.
You barely miss the rat. Your grab misses the rat. You squeeze the rat.
You kill the rat!
Trog accepts your kill.
* * * LOW HITPOINT WARNING * * *
You feel very sick.
You aren't carrying any potions.
As you read the scroll labelled OCWOUKKUFAE, it crumbles to dust.
Magic quickly surges around you.
It was a scroll of vulnerability.
You die...

..#
#..♣♣∩..♣♣♣..∩♣♣...#...
..#
#...♣♣∩.....∩♣♣....#.#.
..#
#.>.♣♣.♣∩∩∩.♣♣♣.>......
..#
#......♣♣♣♣♣.♣.##..###.
###
###....♣♣♣♣♣..#........
##.........##........
##....#.#...........
...######.#.............
......)@...##...##+##...
.....g.....##...# #.#.
............#...# ###.
...########.#.#... ....
.. .###... ...# # ..
.... ... .... .# #+#. #.


You could see a goblin (weak-willed).

Vanquished Creatures
  2 ball pythons (D:1)
  5 endoplasms (D:1)
  2 goblins (D:1)
  2 hobgoblins (D:1)
  A quokka (D:1)
  4 rats (D:1)
16 creatures vanquished.

Notes
Turn   | Place    | Note
-------+----------+-------------------------------------------
     0 | D:1      | Froggeryz the Octopode Berserker began the quest for the
                  | Orb.
     0 | D:1      | Reached XP level 1. HP: 16/16 MP: 1/1
    35 | D:1      | Reached skill level 1 in Stealth
    57 | D:1      | Reached XP level 2. HP: 21/21 MP: 2/2
   481 | D:1      | Succumbed to a goblin's poison

Illustrated notes

Levels and vault maps discovered:
D:1:      heliophobic_arrival_henge, layout_basic, serial_shops, shop

Skill      XL: |  1 |
---------------+----+-----
Stealth        | 1 |  1.7
Fighting       | |  3.0
Short Blades   | |  3.6
Dodging        | |  3.0

Action                   || total
-------------------------++-------
Melee: Short sword       ||    27
       Tentacles         ||     7
       Constrict         ||     8
  Use: Scroll            ||     1
 Stab: Sleeping          ||     3
Armor: Skin              ||     1
Dodge: Dodged            ||    15

Table legend: (Time is in decaauts)
 A = Elapsed time spent in this place.
 B = Non-inter-level travel time spent in this place.
 C = Inter-level travel time spent in this place.
 D = Time resting spent in this place.
 E = Time spent auto-exploring this place.
 F = Levels seen in this place.
 G = Mean time per level.
                   A        B        C        D        E       F      G
               +--------+--------+--------+--------+--------+-----+--------+
         Total |    479 |    479 |      0 |      0 |    399 |   1 |  479.0 |
       Dungeon |    479 |    479 |      0 |      0 |    399 |   1 |  479.0 |
               +--------+--------+--------+--------+--------+-----+--------+

Top non-repeatable levels by time:
     D:1: 479 daAuts
